 Dungeon Crawl Stone Soup version 0.28.0-1-gb440e238dd (webtiles) character file.

Game seed: 90686396410719342

2060 DrunkBamboolord the Zephyrmancer (level 9, -11/45 HPs)
             Began as a Tengu Air Elementalist on Feb 27, 2022.
             Was a Follower of Vehumet.
             Mangled by Gastronok (33 damage)
             ... on level 7 of the Dungeon.
             The game lasted 00:15:19 (9801 turns).

DrunkBamboolord the Zephyrmancer (TeAE)             Turns: 9801, Time: 00:15:20

Health: -11/45     AC: 10    Str:  8    XL:     9   Next: 25%
Magic:  15/19      EV: 16    Int: 20    God:    Vehumet [*.....]
Gold:   341        SH:  0    Dex: 15    Spells: 1/20 levels left

rFire   . . .      SeeInvis .   (no weapon)
rCold   . . .      Faith    .   (no shield)
rNeg    . . .      Spirit   .   h - +0 steam dragon scales
rPois   .          Reflect  .   (helmet restricted)
rElec   .          Harm     .   (no cloak)
rCorr   .          Rampage  .   c - +0 pair of gloves
Will    .....                   (boots unavailable)
Stlth   ++........              (no amulet)
HPRegen 0.15/turn               d - +4 ring of protection
MPRegen 0.16/turn               j - ring of wizardry

@: flying quickly and evasively, hasted, studying Fighting, very quick
A: beak, talons 3, nimble flight
a: Renounce Religion


You were on level 7 of the Dungeon.
You worshipped Vehumet.
Vehumet was aware of your devotion.
You visited 2 branches of the dungeon, and saw 9 of its levels.

You collected 341 gold pieces.

Inventory:

Armour
 c - a +0 pair of gloves (worn)
 h - +0 steam dragon scales (worn)
Jewellery
 d - a +4 ring of protection (left hand)
 g - an amulet of guardian spirit
 j - a ring of wizardry (right hand)
Wands
 l - a wand of mindburst (15)
 n - a wand of flame (12)
Scrolls
 i - 3 scrolls of holy word
 m - a scroll of identify
Potions
 b - 2 potions of haste
 e - 3 potions of might
 k - a potion of flight {unknown}
 o - a potion of magic {unknown}


   Skills:
 * Level 4.8 Dodging
 + Level 2.9 Stealth
 * Level 6.4 Spellcasting
 * Level 5.8 Conjurations
 * Level 4.0 Summonings
 * Level 9.6 Air Magic


You had one spell level left.
You knew the following spells:

 Your Spells              Type           Power      Damage    Failure   Level
a - Shock                 Conj/Air       100%       1d9       1%          1
b - Static Discharge      Conj/Air       37%        N/A       1%          2
c - Airstrike             Air            22%        N/A       1%          4
d - Swiftness             Air            44%        N/A       1%          3
e - Summon Lightning Spi  Summ/Air       33%        N/A       2%          4
f - Lightning Bolt        Conj/Air       18%        1d33      4%          5

Your spell library contained the following spells:

 Spells                   Type           Power      Damage    Failure   Level
 Foxfire                  Conj/Fire      72%        2x1d7     1%          1
 Magic Dart               Conj           100%       1d8       1%          1
 Sting                    Tmut/Pois      24%        1d4       4%          1
 Call Imp                 Summ           22%        N/A       1%          2
 Poisonous Vapours        Pois/Air       50%        N/A       1%          2
 Mephitic Cloud           Conj/Pois/Air  26%        N/A       1%          3
 Hailstorm                Conj/Ice       18%        3d6       12%         4
 Freezing Cloud           Conj/Ice/Air   13%        6-21      14%         5
 Silence                  Hex/Air        12%        N/A       16%         5
 Ice Form                 Ice/Tmut       6%         N/A       36%         4
 Olgreb's Toxic Radiance  Pois           6%         N/A       36%         4
 Eringya's Noxious Bog    Tmut/Pois      3%         N/A       99%         6
 Simulacrum               Ice/Necr       3%         N/A       99%         6
 Maxwell's Capacitive Co  Air            22%        ∞         99%         8


Dungeon Overview and Level Annotations

Branches:
Dungeon (8/15)             Temple (1/1) D:4
   Lair: D:8-11

Altars:
Gozag
Kikubaaqudgha
Makhleb
Okawaru
Qazlal
Ru
Sif Muna
Trog
Uskayaw
Vehumet
Wu Jian
Xom
Zin

Shops:
D:5 :

Annotations:
D:3 3 runed translucent doors, Ablot's ghost, amateur GnWr
D:7 Gastronok


Innate Abilities, Weirdness & Mutations

You have a beak for a mouth.
You have claws for feet.
Your magical nature lets you fly swiftly and evasively.


Message History

You fly upwards.
There is a stone staircase leading down here.
Okay, then.
As you read the scroll labelled BIZIXZ FAGA, it crumbles to dust.
You feel strangely unstable.
It was a scroll of teleportation.
Gastronok's eyestalks stretch out, then return to normal size.
As you read the scroll labelled KAUNAT HOOWIU, it crumbles to dust.
A profound silence engulfs you.
It was a scroll of silence.
You cannot cast spells when silenced!
Okay, then.
You hit Gastronok but do no damage. You claw Gastronok, but do no damage.
Gastronok is moderately wounded.
Your surroundings suddenly seem different.
You start resting.
Your hearing returns.
You start resting.
Magic restored.
You start resting.
HP restored.
Done exploring.
There is a stone staircase leading down here.
What are your orders? t - Shout!
Orders for allies: a - Attack new target. r - Retreat! s - Stop attacking. g - Guard the area. f - Follow me.
Anything else - Cancel.
You shout for attention!
You hear a horrible gurgling sound!
There is a stone staircase leading down here.
Casting: Airstrike (dangerous; 1% risk of failure)
Confirm with . or Enter, or press ? or * to list all spells.
An electric hum fills the air.
Gastronok waves his eye-stalks in wide circles.
The air twists around and strikes you!!
Ouch! That really hurt!
There is an open door here.
You feel yourself speed up. Gastronok closely misses you. Gastronok bites you!!
Ouch! That really hurt!
You die...

#.# #.#.# #.#.#....#+# #.#
#.#.#####.#.###..#.# #.#
#>.................. #.#
###.#.#####.###..#.# #.#
#.#...(...# #..#.. #.#
#.###########..###
###.######..8..............
#........w.################
##########@#### #...<.....
#........# #.#.######
#........# #.#...#
#........# #.#.#.#
#........####.#.#.#
#........'....###.####
#........###### #.....
#........# ######
#........#


You could see Gastronok.

Vanquished Creatures
  Maggie (D:6)
  A steam dragon (D:6)
  Edmund (D:6)
  2 sky beasts
  An ogre (D:7)
  A centaur (D:3)
  Blork the orc (D:6)
  A scorpion (D:5)
  2 bullfrogs
  2 wights (D:6)
  2 howler monkeys (D:6)
  3 hounds
  A centaur skeleton (D:6)
  A gnoll shaman (D:6)
  A bullfrog skeleton (D:5)
  A jelly (D:5)
  5 iguanas
  Terence (D:3)
  A killer bee zombie (D:6)
  7 gnolls
  A howler monkey skeleton (D:7)
  7 adders
  A white imp (D:5)
  An adder skeleton (D:4)
  5 worms
  A dart slug (D:2)
  10 orcs
  4 bats
  8 endoplasms
  4 goblins
  2 hobgoblins
  A quokka (D:1)
  5 ball pythons
  4 frilled lizards
  3 kobolds
  A quokka skeleton (D:4)
  10 rats
  A butterfly (D:4)
105 creatures vanquished.

Vanquished Creatures (collateral kills)
  A yak (D:6)
  A wight (D:6)
2 creatures vanquished.

Grand Total: 107 creatures vanquished

Notes
Turn   | Place    | Note
-------+----------+-------------------------------------------
     0 | D:1      | DrunkBamboolord the Tengu Air Elementalist began the quest
                  | for the Orb.
     0 | D:1      | Reached XP level 1. HP: 10/10 MP: 4/4
   208 | D:1      | Reached XP level 2. HP: 15/15 MP: 1/6
   832 | D:1      | Identified a scroll of acquirement
   832 | D:1      | Acquired the Almanac of Cloudy Envenoming
   839 | D:1      | Learned a level 2 spell: Static Discharge
  1010 | D:2      | Reached XP level 3. HP: 19/19 MP: 0/7
  2037 | D:3      | Reached skill level 5 in Air Magic
  2101 | D:3      | Found a runed translucent gate.
  2111 | D:3      | Found a runed translucent gate.
  2111 | D:3      | Found a runed translucent gate.
  2111 | D:3      | Noticed Ablot's ghost (amateur GnWr)
  2159 | D:3      | Noticed a centaur
  2166 | D:3      | Killed a centaur
  2167 | D:3      | Reached XP level 4. HP: 8/24 MP: 2/9
  2167 | D:3      | Gained mutation: Your magical nature lets you fly swiftly
                  | and evasively. [Tengu growth]
  2167 | D:3      | Reached XP level 5. HP: 10/28 MP: 2/10
  2172 | D:3      | Learned a level 4 spell: Airstrike
  2389 | D:3      | Found a faded altar of an unknown god.
  2698 | D:3      | Noticed Terence
  2706 | D:3      | Killed Terence
  2995 | D:4      | Found a staircase to the Ecumenical Temple.
  3008 | Temple   | Entered the Ecumenical Temple
  3157 | Temple   | Became a worshipper of Vehumet
  3483 | D:4      | Reached XP level 6. HP: 32/32 MP: 7/11
  3487 | D:4      | Reached skill level 6 in Air Magic
  3771 | D:4      | Reached skill level 1 in Summonings
  3872 | D:4      | Learned a level 3 spell: Swiftness
  4703 | D:5      | Entered Level 5 of the Dungeon
  4726 | D:5      | Found a shimmering altar of Xom.
  4855 | D:5      | Reached XP level 7. HP: 32/36 MP: 3/13
  5112 | D:5      | Found Ymoij's Book Boutique.
  5955 | D:6      | Reached * piety under Vehumet
  5955 | D:6      | Offered knowledge of Foxfire by Vehumet.
  6108 | D:6      | Noticed a steam dragon
  6214 | D:6      | Killed a steam dragon
  6215 | D:6      | Reached skill level 7 in Air Magic
  6310 | D:6      | Learned a level 4 spell: Summon Lightning Spire
  6401 | D:6      | Reached XP level 8. HP: 41/41 MP: 6/16
  6778 | D:6      | Noticed Maggie
  7048 | D:6      | Found an ancient bone altar of Kikubaaqudgha.
  7086 | D:6      | Noticed Edmund
  7176 | D:6      | Killed Edmund
  7177 | D:6      | Reached skill level 5 in Spellcasting
  7177 | D:6      | Reached skill level 8 in Air Magic
  7340 | D:6      | Noticed a yak
  7340 | D:6      | Noticed a yak
  7340 | D:6      | Noticed a yak
  7340 | D:6      | Noticed a yak
  7340 | D:6      | Noticed a yak
  7345 | D:6      | Killed a yak
  7346 | D:6      | Reached skill level 5 in Conjurations
  7346 | D:6      | Noticed a yak
  7582 | D:6      | Killed Maggie
  7583 | D:6      | Reached skill level 9 in Air Magic
  7736 | D:6      | Noticed Blork the orc
  7757 | D:6      | Killed Blork the orc
  7935 | D:6      | Reached XP level 9. HP: 45/45 MP: 6/18
  8551 | D:7      | Learned a level 5 spell: Lightning Bolt
  9602 | D:8      | Noticed Gastronok
  9801 | D:7      | Mangled by Gastronok

Illustrated notes

Levels and vault maps discovered:
D:1:      giann_wishing_wells, layout_rooms
D:2:      layout_loops_cross, kennysheep_cross_room
D:3:      layout_basic, gammafunk_ghost_necromancy, basic_ecumenical_altar,
          minmay_box_of_dots, uniq_terence
D:4:      layout_basic, minmay_temple_entry_butterflies,
          cheibrodos_sewer_entry_drain
D:5:      layout_layer_cave, overflow_temple_1_default, nicolae_stop_n_shop_2
D:6:      layout_loops_corners, nicolae_kikubaaqudgha_miasma_corner,
          uniq_maggie, uniq_edmund, uniq_blork_the_orc
D:7:      layout_basic
D:8:      layout_rooms, minitemple, lair_entry_dummy, kennysheep_big_empty_room,
          lemuel_another_geyser, uniq_gastronok
Temple:   minmay_temple_curvy_loop

Skill      XL: |  1  2  3  4  5  6  7  8  9 |
---------------+----------------------------+-----
Conjurations   | 2 3 4 5 |  5.8
Air Magic      | 5 6 7 9 |  9.6
Spellcasting   | 3 4 5 6 |  6.4
Summonings     | 1 2 3 4 |  4.0
Dodging        | 3 4 |  4.8
Stealth        | |  2.9

Action                   |  1- 3 |  4- 6 |  7- 9 || total
-------------------------+-------+-------+-------++-------
Melee: Unarmed           |     2 |       |    16 ||    18
       Kick              |     2 |       |     2 ||     4
       Peck              |       |       |     3 ||     3
       Punch             |       |       |     1 ||     1
 Cast: Shock             |    72 |   110 |    28 ||   210
       Static Discharge  |       |     6 |     1 ||     7
       Airstrike         |       |       |    67 ||    67
       Summon Lightning  |       |       |     3 ||     3
  Use: Scroll            |     2 |     2 |     3 ||     7
       Potion            |       |     2 |     2 ||     4
Armor: Robe              |     2 |     5 |     8 ||    15
       Steam dragon scal |       |       |     2 ||     2
Dodge: Dodged            |     2 |    11 |    46 ||    59
